 Dungeon Crawl Stone Soup version 0.28-a0-1167-g616b1c6417 (webtiles) character file.

Game seed: 4272586035161157490

9606 Htamos the Slicer (level 11, -1/87 HPs)
             Began as a Vine Stalker Fighter on Dec 16, 2021.
             Was an Initiate of Gozag.
             Slain by Snorg (2 damage)
             ... on level 10 of the Dungeon.
             The game lasted 00:21:32 (9061 turns).

Htamos the Slicer (Vine Stalker Fighter)            Turns: 9061, Time: 00:21:35

Health: -1/87      AC: 16    Str: 20    XL:     11   Next: 49%
Magic:  0/22       EV:  7    Int: 10    God:    Gozag
Gold:   582        SH:  6    Dex: 15    Spells: 24/24 levels left

rFire   . . .      SeeInvis .   a - +2 rapier
rCold   . . .      Faith    .   c - +0 buckler
rNeg    + . .      Spirit   +   e - +0 chain mail
rPois   .          Reflect  .   (no helmet)
rElec   .          Harm     .   d - +0 cloak
rCorr   .          Rampage  .   w - +0 pair of gloves
Will    +....                   (no boots)
Stlth   ..........              (no amulet)
HPRegen 1.04/turn               n - +4 ring of protection
MPRegen 0.18/turn               o - ring of positive energy

@: berserking, hasted, very quick
A: fangs 3, regeneration 1, magic shield, antimagic bite, no potion heal 2
a: Renounce Religion, Potion Petition, Call Merchant, Bribe Branch


You were on level 10 of the Dungeon.
You worshipped Gozag.
Gozag was pleased with you.
You visited 2 branches of the dungeon, and saw 11 of its levels.

You collected 1444 gold pieces.
You spent 97 gold pieces at shops.
You paid 765 gold pieces to Gozag.

Inventory:

Hand Weapons
 a - a +2 rapier (weapon)
Missiles
 y - a throwing net (quivered)
Armour
 b - a +0 scale mail
 c - a +0 buckler (worn)
 d - a +0 cloak (worn)
 e - a +0 chain mail (worn)
 k - a +0 ring mail of cold resistance
 t - a +0 kite shield
 w - a +0 pair of gloves (worn)
 B - a +0 robe of positive energy
Jewellery
 n - a +4 ring of protection (left hand)
 o - a ring of positive energy (right hand)
 E - a ring of flight
Wands
 g - a wand of paralysis (8)
 s - a wand of flame (10)
Scrolls
 i - a scroll of torment {unknown}
 j - a scroll of magic mapping {unknown}
 l - 3 scrolls of fear
 m - 2 scrolls of blinking {unknown}
 q - a scroll of immolation {unknown}
 r - 2 scrolls of teleportation {unknown}
 z - 4 scrolls of identify {@rr}
 D - a scroll of fog {unknown}
Potions
 f - 4 potions of heal wounds
 h - 3 potions of brilliance
 p - a potion of curing {@qc}
 u - a potion of ambrosia
 v - a potion of degeneration {unknown}
 x - a potion of attraction {unknown}
 A - a potion of cancellation {unknown}
 C - 3 potions of invisibility {unknown}


   Skills:
 + Level 7.3 Fighting
 * Level 9.5 Short Blades
 + Level 6.5 Armour
 + Level 7.3 Shields
 + Level 7.2 Spellcasting


You had 24 spell levels left.
You didn't know any spells.
Your spell library contained the following spells:

 Spells                   Type           Power      Damage    Failure   Level
 Freeze                   Ice            12%        1d4       85%         1
 Summon Small Mammal      Summ           12%        N/A       85%         1
 Blink                    Tloc           6%         N/A       94%         2
 Call Canine Familiar     Summ           3%         N/A       99%         3
 Frozen Ramparts          Ice            6%         1d2       99%         3
 Inner Flame              Hex/Fire       3%         N/A       99%         3
 Lesser Beckoning         Tloc           3%         N/A       99%         3
 Summon Guardian Golem    Hex/Summ       3%         N/A       99%         3
 Cause Fear               Hex            1%         N/A       100%        4
 Fulminant Prism          Conj/Hex       1%         3d6       100%        4
 Hailstorm                Conj/Ice       3%         3d3       100%        4
 Iskenderun's Mystic Bla  Conj/Tloc      3%         2d3       100%        4
 Lee's Rapid Deconstruct  Erth           1%         3d5*      100%        5
 Manifold Assault         Tloc           3%         N/A       100%        5
 Discord                  Hex            1%         N/A       100%        8


Dungeon Overview and Level Annotations

Branches:
Dungeon (10/15)            Temple (1/1) D:5
   Lair: D:8-11         Orc: D:9-12

Altars:
Ashenzari
Cheibriados
Dithmenos
Gozag
Hepliaklqana
Makhleb
Nemelex Xobeh
Okawaru
Vehumet
Zin
The Shining One

Shops:
D:3 (   D:4 ?   D:6 *

Annotations:
D:5 Grinder
D:10 Snorg


Innate Abilities, Weirdness & Mutations

You have razor-sharp teeth.
Your natural rate of healing is unusually fast.
When hurt, damage is shared between your health and your magic reserves.
Your bite disrupts and absorbs the magic of your enemies.
Potions cannot restore your health.


Message History

Snorg bites you!!
* * * LOW HITPOINT WARNING * * *
You block Snorg's attack. Snorg claws you but does no damage.
You closely miss Snorg.
Snorg is severely wounded.
You block Snorg's attack. Snorg claws you!!
* * * LOW HITPOINT WARNING * * *
Snorg claws you.
* * * LOW HITPOINT WARNING * * *
You closely miss Snorg.
Snorg is severely wounded.
You barely miss Snorg. Your bite misses Snorg.
Snorg is severely wounded.
Snorg closely misses you. Snorg claws you!
* * * LOW HITPOINT WARNING * * *
Snorg claws you!
* * * LOW MAGIC WARNING * * *;
* * * LOW HITPOINT WARNING * * *
You puncture Snorg!
Snorg is severely wounded.
Snorg bites you but does no damage. Snorg claws you but does no damage. x2
You hit Snorg. You bite Snorg! You drain her power.
You feel invigorated.
Snorg is almost dead.
Snorg bites you!
* * * LOW HITPOINT WARNING * * *
Snorg claws you!
* * * LOW MAGIC WARNING * * *;
* * * LOW HITPOINT WARNING * * *
Snorg claws you.
* * * LOW MAGIC WARNING * * *;
* * * LOW HITPOINT WARNING * * *
Okay, then.
You barely miss Snorg. You bite Snorg! You drain her power.
You feel invigorated.
Snorg is almost dead.
You puncture Snorg! Your bite misses Snorg.
Snorg is almost dead.
Snorg closely misses you. Snorg claws you!
* * * LOW HITPOINT WARNING * * *
Snorg claws you!
* * * LOW MAGIC WARNING * * *
You die...
Your body crumbles into a pile of gold.

.........>. ..........#
..........# ..........#
.......c..# #######'###
#.......# # #T#######
####.##### ####@#######
........>####..........#
.......)...)#..........#
.........##)#..........+
.........##.'..........#
.############........).#
#..........#
###'######## #)#


You could see Snorg (berserk).

Vanquished Creatures
  Harold (D:7)
  Pikel (D:8)
  An ugly thing (D:8)
  Joseph (D:7)
  Maggie (D:9)
  Psyche (D:8)
  3 trolls
  Sigmund (D:4)
  A shadow (D:6)
  22 yaks
  3 vampire mosquitoes (D:7)
  Eustachio (D:6)
  Grum (D:8)
  Edmund (D:4)
  Menkaure (D:5)
  Duvessa (D:7)
  3 orc warriors
  An ice beast (D:6)
  3 wolves (D:8)
  2 centaurs (D:9)
  A lemure (D:8)
  A bullfrog (D:6)
  A gnoll sergeant (D:4)
  A scorpion (D:4)
  A water moccasin zombie (D:6)
  Dowan (D:7)
  A water moccasin skeleton (D:4)
  4 killer bees (D:9)
  4 wights (D:6)
  2 electric eels (D:6)
  A centaur zombie (D:8)
  A bullfrog skeleton (D:6)
  A centaur skeleton (D:7)
  2 orc priests (D:10)
  Crazy Yiuf (D:2)
  Jessica (D:3)
  Ijyb (D:5)
  Natasha (thrice) (D:2)
  4 iguanas
  3 orc wizards
  A killer bee zombie (D:8)
  3 howler monkey zombies
  Robin (D:3)
  6 adders
  2 white imps
  2 worms
  17 orcs
  10 ball pythons
  6 endoplasms
  4 giant cockroaches
  13 goblins
  4 hobgoblins
  7 jackals
  5 quokkas
  3 bats
  2 frilled lizards
  4 kobolds
  6 rats
181 creatures vanquished.

Vanquished Creatures (others)
  A plant (D:6)
1 creature vanquished.

Grand Total: 182 creatures vanquished

Notes
Turn   | Place    | Note
-------+----------+-------------------------------------------
     0 | D:1      | Htamos the Vine Stalker Fighter began the quest for the
                  | Orb.
     0 | D:1      | Reached XP level 1. HP: 11/11 MP: 2/2
   582 | D:1      | Reached XP level 2. HP: 16/16 MP: 1/3
   672 | D:1      | Found a faded altar of an unknown god.
   845 | D:1      | Reached skill level 2 in Short Blades
  1451 | D:2      | Reached XP level 3. HP: 13/19 MP: 5/5
  1600 | D:2      | Reached skill level 1 in Spellcasting
  2176 | D:2      | Found a runed translucent door.
  2177 | D:2      | Noticed Crazy Yiuf
  2183 | D:2      | Killed Crazy Yiuf
  2184 | D:2      | Gained mutation: Your natural rate of healing is unusually
                  | fast. [Vine Stalker growth]
  2184 | D:2      | Reached XP level 4. HP: 23/24 MP: 5/7
  2365 | D:3      | Found Gazusume's Weapon Boutique.
  2483 | D:3      | Noticed Natasha
  2520 | D:2      | Killed Natasha
  2521 | D:2      | Reached XP level 5. HP: 25/28 MP: 3/8
  2594 | D:2      | Noticed Natasha
  2614 | D:2      | Killed Natasha
  2621 | D:2      | Noticed Natasha
  2641 | D:2      | Killed Natasha
  2762 | D:3      | Noticed Jessica
  2767 | D:3      | Killed Jessica
  2819 | D:3      | Noticed Robin
  2859 | D:3      | Killed Robin
  3451 | D:4      | Reached skill level 3 in Short Blades
  3451 | D:4      | Reached XP level 6. HP: 32/32 MP: 10/10
  3670 | D:4      | Noticed Edmund
  3693 | D:4      | Killed Edmund
  3785 | D:4      | Found Rulola's Magic Scroll Emporium.
  3832 | D:4      | Reached XP level 7. HP: 37/37 MP: 10/12
  4060 | D:4      | Noticed Sigmund
  4088 | D:4      | Killed Sigmund
  4089 | D:4      | Reached skill level 4 in Short Blades
  4410 | D:5      | Entered Level 5 of the Dungeon
  4450 | D:5      | Found a staircase to the Ecumenical Temple.
  4473 | Temple   | Entered the Ecumenical Temple
  4623 | Temple   | Became a worshipper of Gozag Ym Sagoz the Greedy
  4645 | D:5      | Noticed Ijyb
  4656 | D:5      | Paralysed by Ijyb for 3 turns
  4662 | D:5      | Killed Ijyb
  4783 | D:5      | Noticed Menkaure
  4795 | D:5      | Killed Menkaure
  4796 | D:5      | Gained mutation: You have razor-sharp teeth. [Vine Stalker
                  | growth]
  4796 | D:5      | Reached XP level 8. HP: 42/42 MP: 8/14
  5021 | D:5      | Noticed Grinder
  5068 | D:6      | Found Ynkuser's General Store.
  5071 | D:6      | Bought a scroll of enchant weapon for 97 gold pieces
  5199 | D:6      | Reached skill level 5 in Short Blades
  5452 | D:6      | Noticed Eustachio
  5465 | D:6      | Killed Eustachio
  5582 | D:6      | Noticed a shadow
  5588 | D:6      | Killed a shadow
  5589 | D:6      | Reached skill level 5 in Fighting
  5589 | D:6      | Reached skill level 5 in Shields
  5589 | D:6      | Reached XP level 9. HP: 47/47 MP: 16/16
  6014 | D:7      | Noticed Joseph
  6022 | D:7      | Killed Joseph
  6023 | D:7      | Reached skill level 6 in Short Blades
  6105 | D:7      | Found a glowing golden altar of the Shining One.
  6150 | D:7      | Noticed Harold
  6160 | D:7      | Killed Harold
  6161 | D:7      | Reached skill level 5 in Armour
  6161 | D:7      | Reached skill level 5 in Spellcasting
  6283 | D:7      | Noticed Dowan
  6283 | D:7      | Noticed Duvessa
  6288 | D:7      | Killed Dowan
  6294 | D:7      | Killed Duvessa
  6521 | D:7      | Reached skill level 7 in Short Blades
  6788 | D:8      | Reached XP level 10. HP: 53/53 MP: 19/19
  7048 | D:8      | Noticed Pikel
  7091 | D:8      | Killed Pikel
  7116 | D:8      | Noticed Psyche
  7123 | D:8      | Killed Psyche
  7358 | D:8      | Noticed Grum
  7454 | D:8      | Killed Grum
  7695 | D:9      | Noticed a red ugly thing
  7853 | D:8      | Killed a red ugly thing
  7854 | D:8      | Reached skill level 8 in Short Blades
  8215 | D:9      | Reached XP level 11. HP: 56/58 MP: 21/21
  8249 | D:9      | Reached skill level 9 in Short Blades
  8581 | D:9      | Noticed Maggie
  8604 | D:9      | Killed Maggie
  8783 | D:10     | Entered Level 10 of the Dungeon
  9027 | D:10     | Noticed Snorg
  9027 | D:10     | Noticed a centaur warrior
  9059 | D:10     | HP: 3/87 [Snorg (4)]
  9061 | D:10     | HP: 1/87 [Snorg (2)]
  9061 | D:10     | Slain by Snorg

Illustrated notes

Levels and vault maps discovered:
D:1:      dpeg_arrival_solitude, layout_basic, ebering_ecumenical_altar_hall,
          serial_co_window_serial, co_window_paths_b,
          co_window_of_opportunity_a, co_window_corner_a, co_window_paths_a,
          co_window_paths_a, co_window_broadway_b, co_window_unsneaky_path_d,
          co_window_of_opportunity_b, co_window_paths_d, co_window_4corner_b,
          glass_columns_b, glass_columns_b, glass_columns_c
D:2:      layout_rooms, uniq_crazy_yiuf_cottage
D:3:      layout_basic, serial_shops, nicolae_square_shop,
          chequers_serial_rivers_small_3, uniq_jessica, uniq_robin, uniq_natasha
D:4:      layout_loops_corners, serial_shops, shop, kennysheep_nub,
          minmay_unequal, uniq_sigmund, uniq_edmund
D:5:      layout_cave_pods, nicolae_wu_jian_immortal_techniques,
          minmay_temple_entry_trees, serial_shops, shop, uniq_menkaure,
          uniq_grinder, uniq_ijyb
D:6:      layout_cave_pools, chequers_jeans, nicolae_stop_n_shop_1,
          serial_bayou_lagoon_b, uniq_eustachio
D:7:      layout_cave_pods, nicolae_tso_carved_into_rock, uniq_harold,
          uniq_duvessa, uniq_joseph
D:8:      layout_loops_cross, hangedman_glass_teeth, uniq_psyche, uniq_pikel,
          uniq_grum
D:9:      layout_basic, minmay_misc_feat_four_crosses, uniq_maggie
D:10:     layout_roguey, uniq_snorg
Temple:   mainiacjoe_temple_cubbyholes

Skill      XL: |  1  2  3  4  5  6  7  8  9 10 11 |
---------------+----------------------------------+-----
Short Blades   | 2 3 4 5 7 8 9 |  9.5
Fighting       | 3 4 5 6 7 |  7.3
Spellcasting   | 1 2 3 4 5 6 7 |  7.2
Shields        | 3 4 5 6 7 |  7.3
Armour         | 3 4 5 6 |  6.5

Action                   |  1- 3 |  4- 6 |  7- 9 | 10-12 || total
-------------------------+-------+-------+-------+-------++-------
Melee: Rapier            |    95 |   157 |   207 |   409 ||   868
       Bite              |    29 |    37 |    66 |   144 ||   276
Invok: Potion Petition   |       |       |       |     1 ||     1
Evoke: Wand              |       |       |    28 |    14 ||    42
  Use: Potion            |     1 |     3 |     2 |     1 ||     7
       Scroll            |       |     3 |     3 |     3 ||     9
 Stab: Paralysed         |       |       |     2 |     6 ||     8
       Distracted        |       |       |       |     1 ||     1
Armor: Scale mail        |    42 |    17 |       |       ||    59
       Skin              |       |    13 |    17 |       ||    30
       Chain mail        |       |    25 |    84 |   165 ||   274
Dodge: Dodged            |    37 |    49 |    53 |    85 ||   224
Block: Buckler           |     9 |    23 |    41 |    95 ||   168

Table legend: (Time is in decaauts)
 A = Elapsed time spent in this place.
 B = Non-inter-level travel time spent in this place.
 C = Inter-level travel time spent in this place.
 D = Time resting spent in this place.
 E = Time spent auto-exploring this place.
 F = Levels seen in this place.
 G = Mean time per level.
                   A        B        C        D        E       F      G
               +--------+--------+--------+--------+--------+-----+--------+
         Total |   9020 |   8755 |    265 |    169 |   6433 |  11 |  820.0 |
       Dungeon |   8851 |   8604 |    247 |    169 |   6314 |  10 |  885.1 |
        Temple |    168 |    150 |     18 |      0 |    119 |   1 |  168.0 |
               +--------+--------+--------+--------+--------+-----+--------+

Top non-repeatable levels by time:
     D:1: 1385 daAuts
     D:2: 1123 daAuts
     D:4: 991 daAuts
     D:8: 977 daAuts
     D:9: 963 daAuts
     D:3: 944 daAuts
     D:7: 858 daAuts
     D:6: 856 daAuts
     D:5: 497 daAuts
    D:10: 253 daAuts
  Temple: 168 daAuts
